BSA
BIRMINGHAM STEELDOGS @ MAUI TROPICS
09/04/2026
 
TOP OF THE 1ST
Birmingham Steeldogs batting - Pitching for Maui Tropics : LHP Kent Robinson
Pitching: LHP Kent Robinson
Batting: RHB Nick Webb 0-0: Ball
1-0: Called Strike
1-1: Ball
2-1: Ball
3-1: SINGLE (Groundball, 34)
Batting: LHB José Sánchez 0-0: Ball
1-0: SINGLE (Groundball, 4MD)
Nick Webb to second
Runner from 2nd tries for 3rd, SAFE, no throw or cutoff
Batting: RHB Valentín Borges 0-0: Ball
1-0: Ball
2-0: Called Strike
2-1: Swinging Strike
2-2: Ball
3-2: Foul Ball, location: 2F
3-2: Base on Balls
José Sánchez to second
Batting: RHB Eric Johnson 0-0: Called Strike
0-1: Ball
1-1: Ball
2-1: Grounds into double play, 4-6-3 (Groundball, 34)
Nick Webb scores
José Sánchez to third
Batting: LHB Chris Miller 0-0: Ball
1-0: Called Strike
1-1: Fly out, F7 (Flyball, 78M)
Top of the 1st over - 1 run(s), 2 hit(s), 0 error(s), 1 left on base; Birmingham 1 - Maui 0
BOTTOM OF THE 1ST
Maui Tropics batting - Pitching for Birmingham Steeldogs : RHP Manuel Romero
Pitching: RHP Manuel Romero
Batting: RHB Jeff Packard 0-0: Called Strike
0-1: Called Strike
0-2: Fly out, F8 (Flyball, 8LM)
Batting: RHB Eugene Gill 0-0: Called Strike
0-1: Ball
1-1: Ball
2-1: SINGLE (Groundball, 6MD)
Batting: RHB José Herrera 0-0: Foul Ball, location: 2F
0-1: Called Strike
0-2: Ball
1-2: Ball
2-2: Fly out, F2 (Popup, 2RF)
Batting: LHB Luis Antonio Torres 0-0: Ball
1-0: Called Strike
1-1: Ball
2-1: Foul Ball, location: 2F
2-2: Foul Ball, location: 2F
2-2: SINGLE (Groundball, 34D)
Eugene Gill to second
Runner from 2nd tries for 3rd, SAFE, throw made to third
Batting: LHB Anacleto Morillo 0-0: DOUBLE (Flyball, 7D)
Eugene Gill scores
Luis Antonio Torres to third
Batting: RHB José Rodríguez 0-0: Foul Ball, location: 2F
0-1: Ground out 4-3 (Groundball, 4)
Bottom of the 1st over - 1 run(s), 3 hit(s), 0 error(s), 2 left on base; Birmingham 1 - Maui 1
TOP OF THE 2ND
Birmingham Steeldogs batting - Pitching for Maui Tropics : LHP Kent Robinson
Batting: RHB Raúl Soto 0-0: Called Strike
0-1: Foul Ball, location: 2F
0-2: Ball
1-2: Strikes out swinging
Batting: RHB Carlos García 0-0: Ball
1-0: Ground out 4-3 (Groundball, 4D)
Batting: LHB José Martínez 0-0: Fly out, F8 (Flyball, 8RXD)
Top of the 2nd over - 0 run(s), 0 hit(s), 0 error(s), 0 left on base; Birmingham 1 - Maui 1
BOTTOM OF THE 2ND
Maui Tropics batting - Pitching for Birmingham Steeldogs : RHP Manuel Romero
Batting: RHB Michael Woodruff 0-0: Ball
1-0: SINGLE (Line Drive, 78S)
Batting: RHB Matt Silver 0-0: Called Strike
0-1: Ball
1-1: Foul Ball, location: 2F
1-2: SINGLE (Flyball, 78S)
Michael Woodruff to second
Batting: RHB John Brown 0-0: Ball
1-0: Swinging Strike
1-1: Grounds into double play, 6-4-3 (Groundball, 6M)
Michael Woodruff to third
Batting: RHB Jeff Packard 0-0: Foul Ball, location: 2F
0-1: Foul Ball, location: 2F
0-2: Ball
1-2: SINGLE (Flyball, 89S)
Michael Woodruff scores
Batting: RHB Eugene Gill 0-0: Called Strike
0-1: Foul Ball, location: 2F
0-2: Ball
1-2: Ball
2-2: Ball
3-2: DOUBLE (Line Drive, 9LD)
Jeff Packard to third
Jeff Packard scores
Batting: RHB José Herrera 0-0: Foul Ball, location: 2F
0-1: Called Strike
0-2: Foul Ball, location: 2F
0-2: Foul Ball, location: 2F
0-2: Ball
1-2: Foul Ball, location: 2F
1-2: Strikes out looking
Bottom of the 2nd over - 2 run(s), 4 hit(s), 0 error(s), 1 left on base; Birmingham 1 - Maui 3
TOP OF THE 3RD
Birmingham Steeldogs batting - Pitching for Maui Tropics : LHP Kent Robinson
Batting: RHB Lorenzo Martínez 0-0: Ball
1-0: Foul Ball, location: 2F
1-1: Ball
2-1: Foul Ball, location: 2F
2-2: Fly out, F9 (Line Drive, 9M)
Batting: RHB Nick Webb 0-0: Ball
1-0: Fly out, F8 (Popup, 8RS)
Batting: LHB José Sánchez 0-0: Swinging Strike
0-1: Ground out 1-3 (Groundball, 15S)
Top of the 3rd over - 0 run(s), 0 hit(s), 0 error(s), 0 left on base; Birmingham 1 - Maui 3
BOTTOM OF THE 3RD
Maui Tropics batting - Pitching for Birmingham Steeldogs : RHP Manuel Romero
Batting: LHB Luis Antonio Torres 0-0: DOUBLE (Groundball, 5)
Batting: LHB Anacleto Morillo 0-0: Called Strike
0-1: Ball
1-1: Foul Ball, location: 2F
1-2: Ball
2-2: Ball
3-2: Base on Balls
Batting: RHB José Rodríguez 0-0: Called Strike
0-1: SINGLE (Line Drive, 8LS)
Luis Antonio Torres to third
Anacleto Morillo to second
Batting: RHB Michael Woodruff 0-0: Ball
1-0: Grounds into double play, U4-3 (Groundball, 4)
Luis Antonio Torres scores
Anacleto Morillo to third
Batting: RHB Matt Silver 0-0: Called Strike
0-1: Fly out, F8 (Line Drive, 78D)
Bottom of the 3rd over - 1 run(s), 2 hit(s), 0 error(s), 1 left on base; Birmingham 1 - Maui 4
TOP OF THE 4TH
Birmingham Steeldogs batting - Pitching for Maui Tropics : LHP Kent Robinson
Batting: RHB Valentín Borges 0-0: Foul Ball, location: 2F
0-1: Foul Ball, location: 2F
0-2: Ball
1-2: SINGLE (Line Drive, 8RS)
Batting: RHB Eric Johnson 0-0: Called Strike
0-1: Foul Ball, location: 2F
0-2: Ball
1-2: Ball
2-2: Strikes out looking
Batting: LHB Chris Miller 0-0: Ball
1-0: SINGLE (Flyball, 89S)
Valentín Borges to second
Batting: RHB Raúl Soto 0-0: Ball
1-0: Ball
2-0: Called Strike
2-1: Swinging Strike
2-2: Foul Ball, location: 2F
2-2: Ball
3-2: Strikes out looking
Batting: RHB Carlos García 0-0: Foul Ball, location: 2F
0-1: Ball
1-1: Ground out 1-3 (Groundball, 13S)
Top of the 4th over - 0 run(s), 2 hit(s), 0 error(s), 2 left on base; Birmingham 1 - Maui 4
BOTTOM OF THE 4TH
Maui Tropics batting - Pitching for Birmingham Steeldogs : RHP Manuel Romero
Batting: RHB John Brown 0-0: Called Strike
0-1: Fly out, F7 (Flyball, 7M)
Batting: RHB Jeff Packard 0-0: Ball
1-0: Called Strike
1-1: Called Strike
1-2: Ball
2-2: Foul Ball, location: 2F
2-2: Fly out, F9 (Popup, 4D)
Batting: RHB Eugene Gill 0-0: Ball
1-0: Swinging Strike
1-1: Called Strike
1-2: Strikes out swinging
Bottom of the 4th over - 0 run(s), 0 hit(s), 0 error(s), 0 left on base; Birmingham 1 - Maui 4
TOP OF THE 5TH
Birmingham Steeldogs batting - Pitching for Maui Tropics : LHP Kent Robinson
Batting: LHB José Martínez 0-0: SINGLE (Groundball, 6MD)
Batting: RHB Lorenzo Martínez 0-0: Ball
1-0: Grounds into double play, 5-4-3 (Groundball, 56)
Batting: RHB Nick Webb 0-0: Fly out, F9 (Flyball, 9M)
Top of the 5th over - 0 run(s), 1 hit(s), 0 error(s), 0 left on base; Birmingham 1 - Maui 4
BOTTOM OF THE 5TH
Maui Tropics batting - Pitching for Birmingham Steeldogs : RHP Manuel Romero
Batting: RHB José Herrera 0-0: Called Strike
0-1: Ball
1-1: Ball
2-1: Ground out 6-3 (Groundball, 6M)
Batting: LHB Luis Antonio Torres 0-0: Swinging Strike
0-1: Ball
1-1: Foul Ball, location: 2F
1-2: Foul Ball, location: 2F
1-2: Ball
2-2: Ball
3-2: Foul Ball, location: 2F
3-2: Foul Ball, location: 2F
3-2: Fly out, F8 (Flyball, 8LD)
Batting: LHB Anacleto Morillo 0-0: Called Strike
0-1: Ball
1-1: Ball
2-1: Ball
3-1: Base on Balls
Batting: RHB José Rodríguez 0-0: Ball
1-0: Ball
2-0: Called Strike
2-1: Foul Ball, location: 2F
2-2: Foul Ball, location: 2F
2-2: SINGLE (Line Drive, 8RS)
Anacleto Morillo to second
Batting: RHB Michael Woodruff 0-0: Called Strike
0-1: Foul Ball, location: 2F
0-2: Ball
1-2: Foul Ball, location: 2F
1-2: Ground out 1-3 (Groundball, 15S)
Bottom of the 5th over - 0 run(s), 1 hit(s), 0 error(s), 2 left on base; Birmingham 1 - Maui 4
TOP OF THE 6TH
Birmingham Steeldogs batting - Pitching for Maui Tropics : LHP Kent Robinson
Batting: LHB José Sánchez 0-0: Ball
1-0: Ball
2-0: Ball
3-0: Base on Balls
Batting: RHB Valentín Borges 0-0: Ball
1-0: Grounds into double play, 6-4-3 (Groundball, 6)
Batting: RHB Eric Johnson 0-0: Ball
1-0: Swinging Strike
1-1: Called Strike
1-2: Ball
2-2: Foul Ball, location: 2F
2-2: Hit by Pitch
Batting: LHB Chris Miller 0-0: Ball
1-0: Fly out, F6 (Line Drive, 6)
Top of the 6th over - 0 run(s), 0 hit(s), 0 error(s), 1 left on base; Birmingham 1 - Maui 4
BOTTOM OF THE 6TH
Maui Tropics batting - Pitching for Birmingham Steeldogs : RHP Manuel Romero
Pitching: RHP Michel Dallaire
Batting: RHB Matt Silver 0-0: Ball
1-0: Swinging Strike
1-1: Foul Ball, location: 2F
1-2: Ball
2-2: Ball
3-2: Foul Ball, location: 2F
3-2: Ground out 5-3 (Groundball, 56S)
Batting: RHB John Brown 0-0: Called Strike
0-1: Called Strike
0-2: Ball
1-2: Fly out, F9 (Flyball, 9M)
Batting: RHB Jeff Packard 0-0: Ground out 5-3 (Groundball, 5S)
Bottom of the 6th over - 0 run(s), 0 hit(s), 0 error(s), 0 left on base; Birmingham 1 - Maui 4
TOP OF THE 7TH
Birmingham Steeldogs batting - Pitching for Maui Tropics : LHP Kent Robinson
Batting: RHB Raúl Soto 0-0: Foul Ball, location: 2F
0-1: Ball
1-1: Foul Ball, location: 2F
1-2: Ground out 1-3 (Groundball, 13S)
Batting: RHB Carlos García 0-0: Ball
1-0: Called Strike
1-1: Ball
2-1: Foul Ball, location: 2F
2-2: Foul Ball, location: 2F
2-2: Strikes out looking
Batting: LHB José Martínez 0-0: Ball
1-0: Ball
2-0: Foul Ball, location: 2F
2-1: SINGLE (Line Drive, 56D)
Batting: RHB Lorenzo Martínez 0-0: Ball
1-0: Called Strike
1-1: Swinging Strike
1-2: Ball
2-2: Ball
3-2: SINGLE (Groundball, 56D)
José Martínez to second
José Martínez to third
Batting: RHB Nick Webb 0-0: Called Strike
0-1: Ball
1-1: DOUBLE (Line Drive, 3L)
José Martínez scores
Lorenzo Martínez to third
Runner from 3rd tries for Home, SAFE, throw made at trailing runner, OUT at third!
Top of the 7th over - 2 run(s), 3 hit(s), 0 error(s), 0 left on base; Birmingham 3 - Maui 4
BOTTOM OF THE 7TH
Maui Tropics batting - Pitching for Birmingham Steeldogs : RHP Michel Dallaire
Batting: RHB Eugene Gill 0-0: Ground out 3-1 (Groundball, 34S)
Batting: RHB José Herrera 0-0: Ball
1-0: Called Strike
1-1: Swinging Strike
1-2: Ground out 1-3 (Groundball, 25)
Batting: LHB Luis Antonio Torres 0-0: Ball
1-0: Foul Ball, location: 2F
1-1: SINGLE (Groundball, 6MD)
Batting: LHB Anacleto Morillo 0-0: Ball
1-0: Ball
2-0: Called Strike
2-1: Called Strike
2-2: Strikes out swinging
Bottom of the 7th over - 0 run(s), 1 hit(s), 0 error(s), 1 left on base; Birmingham 3 - Maui 4
TOP OF THE 8TH
Birmingham Steeldogs batting - Pitching for Maui Tropics : LHP Kent Robinson
Pitching: RHP Yong-taek Yi
Now in CF: Mario Olivares
Batting: LHB José Sánchez 0-0: Called Strike
0-1: Ball
1-1: Ball
2-1: Ball
3-1: Base on Balls
Pitching: RHP Dave Riley
Batting: RHB Valentín Borges 0-0: Swinging Strike
0-1: Ball
1-1: Ball
2-1: Ball
3-1: Base on Balls
José Sánchez to second
Batting: RHB Eric Johnson 0-0: Called Strike
0-1: Ball
1-1: Foul Ball, location: 2F
1-2: Ball
2-2: Ball
3-2: Grounds into double play, 1-6-3 (Groundball, 13S)
José Sánchez to third
Batting: LHB Chris Miller 0-0: Ball
1-0: Ball
2-0: Called Strike
2-1: Called Strike
2-2: Foul Ball, location: 2F
2-2: Ground out 3-1 (Groundball, 34S)
Top of the 8th over - 0 run(s), 0 hit(s), 0 error(s), 1 left on base; Birmingham 3 - Maui 4
BOTTOM OF THE 8TH
Maui Tropics batting - Pitching for Birmingham Steeldogs : RHP Michel Dallaire
Pitching: RHP César López
Batting: RHB José Rodríguez 0-0: Called Strike
0-1: Foul Ball, location: 2F
0-2: Ball
1-2: Foul Ball, location: 2F
1-2: Ball
2-2: Ground out 6-3 (Groundball, 6)
Batting: RHB Michael Woodruff 0-0: Ball
1-0: Ball
2-0: Ground out 6-3 (Groundball, 4M)
Batting: RHB Matt Silver 0-0: Called Strike
0-1: Swinging Strike
0-2: SINGLE (Groundball, 5L)
Pinch Hitting: LHB Henry Huffman 0-0: Swinging Strike
0-1: Ball
1-1: Ball
2-1: Fly out, F8 (Flyball, 8RD)
Bottom of the 8th over - 0 run(s), 1 hit(s), 0 error(s), 1 left on base; Birmingham 3 - Maui 4
TOP OF THE 9TH
Birmingham Steeldogs batting - Pitching for Maui Tropics : RHP Dave Riley
Pitching: RHP Junior Mateo
Now at 2B: Héctor Barajas
Pinch Hitting: LHB Arturo Molina 0-0: Ball
1-0: Ball
2-0: Ball
3-0: Base on Balls
Pinch Hitting: LHB Ben Kelley 0-0: Ball
1-0: Ball
2-0: Ball
3-0: Called Strike
3-1: Base on Balls
Arturo Molina to second
Batting: LHB José Martínez 0-0: Bunted foul
0-1: Bunted foul
0-2: Foul Ball, location: 2F
0-2: Ball
1-2: Foul Ball, location: 2F
1-2: Ball
2-2: Ball
3-2: Grounds into double play, 6-4-3 (Groundball, 6)
Arturo Molina to third
Batting: RHB Lorenzo Martínez 0-0: Foul Ball, location: 2F
0-1: Foul Ball, location: 2F
0-2: Foul Ball, location: 2F
0-2: Ball
1-2: Foul Ball, location: 2F
1-2: Ball
2-2: Ball
3-2: Foul Ball, location: 2F
3-2: SINGLE (Groundball, 56D)
Arturo Molina scores
Pinch Hitting: LHB Mitchell Oglethorpe 0-0: Swinging Strike
0-1: Foul Ball, location: 2F
0-2: Ball
1-2: Ball
2-2: Strikes out swinging
Top of the 9th over - 1 run(s), 1 hit(s), 0 error(s), 1 left on base; Birmingham 4 - Maui 4
BOTTOM OF THE 9TH
Maui Tropics batting - Pitching for Birmingham Steeldogs : RHP César López
Pitching: RHP David Simpson
Now at 1B: Arturo Molina
Now at SS: Paço Ttes
Now in LF: Ben Kelley
Batting: RHB Jeff Packard 0-0: Ball
1-0: Called Strike
1-1: Ball
2-1: Ball
3-1: SINGLE (Line Drive, 9LS)
Batting: RHB Eugene Gill 0-0: Bunted foul
0-1: Sac Bunt - play at first, batter OUT! 5-4
Jeff Packard to second
Batting: LHB Mario Olivares 0-0: Swinging Strike
0-1: Ground out 6-3 (Groundball, 6)
Batting: LHB Luis Antonio Torres 0-0: Fly out, F8 (Flyball, 8LM)
Bottom of the 9th over - 0 run(s), 1 hit(s), 0 error(s), 1 left on base; Birmingham 4 - Maui 4
TOP OF THE 10TH
Birmingham Steeldogs batting - Pitching for Maui Tropics : RHP Junior Mateo
Batting: LHB José Sánchez 0-0: Swinging Strike
0-1: Ball
1-1: Called Strike
1-2: Ball
2-2: DOUBLE (Line Drive, 8RM)
Batting: RHB Valentín Borges 0-0: Intentional Walk
Batting: RHB Eric Johnson 0-0: Called Strike
0-1: Foul Ball, location: 2F
0-2: Ground out 5-3 (Groundball, 5S)
José Sánchez to third
Valentín Borges to second
Batting: LHB Chris Miller 0-0: Called Strike
0-1: Swinging Strike
0-2: Ball
1-2: Strikes out swinging
Batting: LHB Arturo Molina 0-0: Ball
1-0: Ball
2-0: Ground out 4-3 (Groundball, 13)
Top of the 10th over - 0 run(s), 1 hit(s), 0 error(s), 2 left on base; Birmingham 4 - Maui 4
BOTTOM OF THE 10TH
Maui Tropics batting - Pitching for Birmingham Steeldogs : RHP David Simpson
Batting: LHB Anacleto Morillo 0-0: Ball
1-0: Called Strike
1-1: Ball
2-1: Ball
3-1: Base on Balls
Batting: RHB José Rodríguez 0-0: Called Strike
0-1: Sac Bunt - play at second, runner OUT! 1-6
Batting: RHB Michael Woodruff Pickoff Throw to First - Out!
0-0: Ball
1-0: Foul Ball, location: 2F
1-1: Ball
2-1: Called Strike
2-2: SINGLE (Line Drive, 8RS)
Batting: RHB Matt Silver 0-0: Called Strike
0-1: Ball
1-1: Ball
2-1: Foul Ball, location: 2F
2-2: Strikes out swinging
Bottom of the 10th over - 0 run(s), 1 hit(s), 0 error(s), 1 left on base; Birmingham 4 - Maui 4
TOP OF THE 11TH
Birmingham Steeldogs batting - Pitching for Maui Tropics : RHP Junior Mateo
Pitching: LHP Mark Stewart
Batting: LHB Ben Kelley 0-0: Ball
1-0: Ball
2-0: Called Strike
2-1: Foul Ball, location: 2F
2-2: Foul Ball, location: 2F
2-2: Ground out 6-3 (Groundball, 6M)
Batting: LHB José Martínez 0-0: Ball
1-0: Called Strike
1-1: Ball
2-1: Fly out, F9 (Flyball, 9D)
Batting: RHB Lorenzo Martínez 0-0: Foul Ball, location: 2F
0-1: Foul Ball, location: 2F
0-2: Ball
1-2: Ball
2-2: Foul Ball, location: 2F
2-2: Ball
3-2: Strikes out swinging
Top of the 11th over - 0 run(s), 0 hit(s), 0 error(s), 0 left on base; Birmingham 4 - Maui 4
BOTTOM OF THE 11TH
Maui Tropics batting - Pitching for Birmingham Steeldogs : RHP David Simpson
Pitching: RHP Pat Lee
Batting: SHB Héctor Barajas 0-0: Ball
1-0: Swinging Strike
1-1: Called Strike
1-2: DOUBLE (Flyball, 78XD)
Pitching: RHP José Ruíz
Batting: RHB Jeff Packard 0-0: Called Strike
Reached via error on a dropped throw, E3
Héctor Barajas to third
Batting: RHB Eugene Gill 0-0: Ball
1-0: Called Strike
1-1: Swinging Strike
1-2: Foul Ball, location: 2F
1-2: Fly out, F4 (Popup, 4M)
Batting: LHB Mario Olivares 0-0: Called Strike
0-1: Called Strike
0-2: Ball
1-2: Strikes out looking
Batting: LHB Luis Antonio Torres 0-0: SINGLE (Flyball, 9S)
Héctor Barajas scores
Monday, December 5th, 2016 - OOTP Baseball 17.12 Build 75